 Dungeon Crawl Stone Soup version 0.27.1-1-g398f81649c (webtiles) character file.

Game seed: 4422378726218505986

90 nxtlvl the Ruffian (level 4, 0/44 HPs)
             Began as a Troll Abyssal Knight on Sept 6, 2021.
             Was a Believer of Lugonu.
             Slain by an ice beast (7 damage)
             ... on level 5 of the Dungeon.
             The game lasted 00:03:11 (527 turns).

nxtlvl the Ruffian (Troll Abyssal Knight)            Turns: 527, Time: 00:03:11

Health: 0/44       AC:  4    Str: 20    XL:     4   Next: 32%
Magic:  4/4        EV:  9    Int:  9    God:    Lugonu [**....]
Gold:   69         SH:  0    Dex:  9    Spells: 3/3 levels left

rFire    . . .     SeeInvis .     - Unarmed
rCold    . . .     Faith    .   (no shield)
rNeg     . . .     Spirit   .   a - +0 robe
rPois    .         Reflect  .   (helmet restricted)
rElec    .         Harm     .   (no cloak)
rCorr    .         Rampage  .   (gloves unavailable)
Will     .....                  (boots unavailable)
Stlth    +.........             (no amulet)
HPRegen  1.14/turn              (no ring)
MPRegen  0.09/turn              (no ring)

@: no status effects
A: large, unfitting armour, claws 3, regeneration 1, shaggy fur 1, tough skin 1
a: Renounce Religion, Depart the Abyss, Bend Space


You were on level 5 of the Dungeon.
You worshipped Lugonu.
Lugonu was pleased with you.
You visited 1 branch of the dungeon, and saw 5 of its levels.
You visited the Abyss 1 time.

You collected 69 gold pieces.

Inventory:

Missiles
 c - 22 sling bullets
Armour
 a - a +0 robe (worn)
Jewellery
 b - a ring of wizardry
Scrolls
 e - a scroll of teleportation {unknown}
 g - a scroll of enchant armour {unknown}
 h - a scroll of fog {unknown}
Potions
 d - a potion of ambrosia {unknown}
 f - a potion of magic {unknown}


   Skills:
 - Level 2.4 Fighting
 - Level 1.9 Dodging
 * Level 4.6 Unarmed Combat
 - Level 1.5 Invocations


You had 3 spell levels left.
You didn't know any spells.
Your spell library was empty.

Dungeon Overview and Level Annotations

Branches:
Dungeon (5/15)
 Temple: D:4-7

Altars:
Okawaru

Shops:
D:4 [


Innate Abilities, Weirdness & Mutations

You are too large for most types of armour.
You have claws for hands.
Your natural rate of healing is unusually fast.
You are covered in fur. (AC +1)
You have tough skin. (AC +1)


Message History

The ice beast barely misses you.
Your Unarmed Combat skill increases to level 4!
You have reached level 4!
You scratch the ice beast.
The ice beast is lightly wounded.
You completely miss the ice beast.
The ice beast is lightly wounded.
The ice beast hits you but does no damage.
You claw the ice beast!
The ice beast is moderately wounded.
The ice beast closely misses you.
You closely miss the ice beast.
The ice beast is moderately wounded.
The ice beast closely misses you.
You closely miss the ice beast.
The ice beast is moderately wounded.
The ice beast hits you. The ice beast freezes you!
You barely miss the ice beast.
The ice beast is moderately wounded.
The ice beast hits you but does no damage.
You claw the ice beast!
The ice beast is almost dead.
The ice beast hits you. The ice beast freezes you.
You are too injured to fight recklessly!
You are too injured to fight recklessly!
You are too injured to fight recklessly!
You are too injured to fight recklessly!
You closely miss the ice beast.
The ice beast is almost dead.
The ice beast misses you.
You barely miss the ice beast.
The ice beast is almost dead.
The ice beast hits you. The ice beast freezes you!
* * * LOW HITPOINT WARNING * * *
You barely miss the ice beast.
The ice beast is almost dead.
The ice beast hits you.
* * * LOW HITPOINT WARNING * * *
The ice beast freezes you!
You die...

#...## #...# ......
#..?# ..# ....#
#...###..# .#.#
#..Y.....# .#.####
#.###..# ... .....(.
...##..# ..# .#...##
#..##..# ..# ...#.#
#..##..##..# .#.#.#
#..##..Y@..#
.#.#.####..##.###..#
.#.#....#..##.# .....
..............#
#..####
..........###.......
...................##
##.#.###.####.######
...#..........#
###############


You could see an ice beast.

Vanquished Creatures
  A water moccasin skeleton (D:5)
  2 adders
  An orc (D:3)
  3 endoplasms (D:1)
  A giant cockroach (D:1)
  3 goblins
  A hobgoblin (D:3)
  2 jackals (D:2)
  2 kobolds
  4 bats
  A frilled lizard (D:1)
  3 rats (D:1)
24 creatures vanquished.

Notes
Turn   | Place    | Note
-------+----------+-------------------------------------------
     0 | Abyss:1  | nxtlvl the Troll Abyssal Knight began the quest for the
                  | Orb.
     0 | Abyss:1  | Reached XP level 1. HP: 22/22 MP: 1/1
     7 | D:1      | Escaped the Abyss
    95 | D:1      | Reached XP level 2. HP: 29/29 MP: 2/2
   218 | D:2      | Reached skill level 3 in Unarmed Combat
   307 | D:1      | Found a faded altar of an unknown god.
   324 | D:3      | Reached XP level 3. HP: 36/36 MP: 3/3
   406 | D:3      | Found an iron altar of Okawaru.
   455 | D:5      | Entered Level 5 of the Dungeon
   464 | D:4      | Found Luzxuanuax's Armour Shoppe.
   465 | D:4      | Reached ** piety under Lugonu
   505 | D:5      | Noticed an ice beast
   518 | D:5      | Reached skill level 4 in Unarmed Combat
   518 | D:5      | Reached XP level 4. HP: 34/44 MP: 4/4
   527 | D:5      | Slain by an ice beast

Illustrated notes

Levels and vault maps discovered:
D:1:      kennysheep_arrival_seaside, layout_rooms,
          chequers_ecumenical_altar_simple_redux
D:2:      layout_loops_corners
D:3:      minmay_inner_zag, layout_loops_ring,
          mainiacjoe_overflow_six_doors_small, hangedman_decor_push,
          columned_hall_lemuel
D:4:      layout_basic, nicolae_stop_n_shop_2, chequers_serial_rivers_micro_b
D:5:      layout_loops_ring, minmay_a_box_with_orc_wizards_in_it,
          uniq_crazy_yiuf_cottage

Skill      XL: |  1  2  3 |
---------------+----------+-----
Unarmed Combat | 3 4 |  4.6
Fighting       | |  2.4
Dodging        | |  1.9
Invocations    | |  1.5

Action                   |  1- 3 |  4- 6 || total
-------------------------+-------+-------++-------
Melee: Unarmed           |    76 |    10 ||    86
Armor: Robe              |    40 |     2 ||    42
Dodge: Dodged            |    44 |     3 ||    47
